details: '2 heroes are greater than 40 witch doct'

« prev index next »

General information

Mini Map

Players

team 1
Orcokdok58 (red | 104 APM | 116 actions | 01:06)

» actions
Build / train8
Enter build submenu3
Right click67
Select / deselect26
Use ability12
116 total
» units
Peon8
8 total
» buildings
Altar of Storms1
Orc Burrow1
Barracks1
3 total
» build order
00:05 Altar of Storms
00:11 Orc Burrow
00:32 Barracks
UndeadTheMasonDixon (green | 11 APM | 494 actions | 46:22)

» actions
Basic commands56
ESC pressed22
Right click181
Select / deselect60
Use ability175
494 total
OrcKatoni (blue | 75 APM | 3935 actions | 52:09)
Hero icon 6 Blademaster
Ability icon 3 Wind Walk
Ability icon 2 Critical Strike
Ability icon 1 Bladestorm
Hero icon 5 Shadow Hunter
Ability icon 3 Healing Wave
Ability icon 2 Hex

» actions
Assign group hotkey72
Basic commands70
Build / train109
Enter build submenu31
Enter hero's abilities submenu11
Give item / drop item1
Remove unit from queue2
Right click1450
Select / deselect599
Select group hotkey394
Use ability1196
3935 total
» units
Peon7
Grunt9
Troll Batrider9
Wind Rider14
Troll Witch Doctor31
70 total
» upgrades
Pillage1
Berserker Strength1
Ranged Weapons2
Liquid Fire1
Envenomed Spears1
Reinforced Defenses1
Spiked Barricades1
Witch Doctor Training2
Backpack1
11 total
» buildings
Altar of Storms1
Barracks1
Orc Burrow8
Voodoo Lounge1
Stronghold1
Spirit Lodge2
Beastiary2
War Mill1
Fortress1
Watch Tower8
Great Hall1
27 total
» build order
00:08 Altar of Storms
00:17 Barracks
00:46 Orc Burrow
01:56 Orc Burrow
03:10 Orc Burrow
03:33 Voodoo Lounge
04:37 Stronghold
05:11 Orc Burrow
07:55 Spirit Lodge
07:59 Spirit Lodge
09:19 Beastiary
09:44 Beastiary
09:53 Orc Burrow
11:06 War Mill
12:21 Fortress
12:26 Orc Burrow
14:05 Watch Tower
14:08 Watch Tower
14:09 Watch Tower
17:05 Watch Tower
17:07 Watch Tower
17:12 Watch Tower
25:09 Great Hall
29:35 Watch Tower
29:36 Watch Tower
33:40 Orc Burrow
33:45 Orc Burrow
» items
Healing Salve2
Staff of Teleportation1
Boots of Speed1
Scroll of Town Portal1
Potion of Healing1
Orb of Lightning1
7 total
Random» NightElfXander1221 (teal | 21 APM | 21 actions | 00:58)

» actions
Build / train5
Enter build submenu2
Right click5
Select / deselect7
Use ability2
21 total
» units
Wisp5
5 total
» buildings
Altar of Elders1
Moon Well1
2 total
» build order
00:11 Altar of Elders
00:31 Moon Well
team 2
Random» UndeadBlindmasseus (pink | 37 APM | 997 actions | 26:41)
Hero icon 7 Death Knight
Ability icon 3 Death Coil
Ability icon 1 Death Pact
Ability icon 2 Unholy Aura
Ability icon 1 Animate Dead

» actions
Assign group hotkey124
Basic commands86
Build / train78
Enter build submenu20
Enter hero's abilities submenu7
Remove unit from queue1
Right click246
Select / deselect183
Select group hotkey191
Use ability61
997 total
» units
Acolyte8
Peasant15
Ghoul7
Frost Wyrm11
41 total
» upgrades
Creature Attack3
Creature Carapace2
Freezing Breath1
6 total
» buildings
Ziggurat11
Altar of Darkness1
Crypt2
Tomb of Relics1
Farm1
Graveyard1
Nerubian Tower3
Spirit Tower5
Halls of the Dead1
Arcane Tower2
Black Citadel1
Sacrificial Pit1
Boneyard2
32 total
» build order
00:35 Ziggurat
00:41 Altar of Darkness
00:59 Crypt
01:07 Tomb of Relics
01:14 Farm
02:20 Graveyard
02:47 Ziggurat
02:50 Nerubian Tower
02:59 Crypt
03:32 Ziggurat
03:33 Ziggurat
03:45 Spirit Tower
04:19 Halls of the Dead
05:03 Nerubian Tower
05:05 Spirit Tower
05:25 Arcane Tower
06:24 Arcane Tower
06:52 Black Citadel
08:10 Sacrificial Pit
08:14 Ziggurat
09:40 Boneyard
09:46 Boneyard
10:25 Ziggurat
10:26 Ziggurat
10:30 Spirit Tower
13:01 Nerubian Tower
13:03 Spirit Tower
18:12 Ziggurat
18:24 Ziggurat
18:25 Ziggurat
18:37 Ziggurat
19:21 Spirit Tower
» items
Rod of Necromancy3
Potion of Healing1
Dust of Appearance1
Orb of Corruption1
6 total
HumanJ2theROC (purple | 0 APM | 0 actions | 00:03)
OrcMESSAR9UND. (orange | 48 APM | 2524 actions | 52:06)
Hero icon 5 Blademaster
Ability icon 3 Wind Walk
Ability icon 2 Critical Strike

» actions
Assign group hotkey36
Basic commands88
Build / train63
Enter build submenu21
Enter hero's abilities submenu5
Give item / drop item6
Remove unit from queue14
Right click748
Select / deselect326
Select group hotkey636
Use ability581
2524 total
» units
Peon20
Wind Rider12
Goblin Shredder1
Troll Witch Doctor7
40 total
» upgrades
Envenomed Spears1
Reinforced Defenses1
Ranged Weapons2
Armor1
Witch Doctor Training2
7 total
» buildings
Altar of Storms1
Orc Burrow8
Stronghold2
Voodoo Lounge1
Beastiary4
Great Hall2
Fortress2
War Mill1
Watch Tower12
Spirit Lodge13
46 total
» build order
00:21 Altar of Storms
00:28 Orc Burrow
02:00 Stronghold
02:31 Orc Burrow
02:35 Orc Burrow
03:37 Voodoo Lounge
03:46 Orc Burrow
04:27 Beastiary
05:00 Beastiary
07:18 Orc Burrow
07:44 Great Hall
09:26 Fortress
09:26 Fortress
09:31 War Mill
10:18 Orc Burrow
10:18 Orc Burrow
11:33 Stronghold
11:41 Watch Tower
11:41 Watch Tower
11:42 Watch Tower
11:43 Watch Tower
11:43 Watch Tower
11:43 Watch Tower
11:44 Watch Tower
11:46 Watch Tower
12:15 Great Hall
14:23 Watch Tower
14:24 Watch Tower
14:24 Watch Tower
14:25 Watch Tower
15:43 Beastiary
15:48 Beastiary
30:00 Orc Burrow
30:11 Spirit Lodge
30:12 Spirit Lodge
30:14 Spirit Lodge
30:14 Spirit Lodge
30:16 Spirit Lodge
30:16 Spirit Lodge
30:18 Spirit Lodge
30:31 Spirit Lodge
30:33 Spirit Lodge
30:34 Spirit Lodge
30:37 Spirit Lodge
30:41 Spirit Lodge
30:43 Spirit Lodge
» items
Healing Salve3
Staff of Teleportation1
Potion of Lesser Invulnerability1
Orb of Lightning1
6 total
Humandduhonich (yellow | 25 APM | 31 actions | 01:14)

» actions
Build / train6
Enter build submenu3
Right click7
Select / deselect12
Use ability3
31 total
» units
Peasant5
5 total
» buildings
Altar of Kings1
Scout Tower1
Farm1
Arcane Tower1
4 total
» build order
00:15 Altar of Kings
00:22 Scout Tower
00:37 Farm
00:54 Arcane Tower

Chat log

(00:06 / All) TheMasonDixon: stay
(00:08 / All) TheMasonDixon: we have a TK'er
(00:11 / All) TheMasonDixon: =/
(00:16 / All) MESSAR9UND.: same lawl
(00:26 / All) TheMasonDixon: =/
(00:31 / All) TheMasonDixon: Is it you?
(00:32 / All) TheMasonDixon: Man
(00:33 / All) Katoni: stupid tkers
(00:36 / All) TheMasonDixon: I get a fucking teamkiller
(00:36 / All) Katoni: I hate them
(00:42 / All) TheMasonDixon: Like every fucking game..
(00:44 / All) TheMasonDixon: ..But..
(00:47 / All) TheMasonDixon: Maybe it's because
(00:52 / All) TheMasonDixon: I AM the TK'er =D
(00:56 / Allies) okdok58: nice
(00:58 / All) Katoni: green you are ud tk rushing teal?
(00:59 / All) TheMasonDixon: tEAL WE FUCKING GET IT
(01:01 / All) Katoni: RAPE
(01:04 / All) MESSAR9UND.: 4V4RT AND BACKSTABBING ARE SAME THING
(01:08 / All) Katoni: ^^^^^^^^
(01:11 / All) TheMasonDixon: LOLTRU
(01:19 / All) TheMasonDixon: LOL BEAT U 2 IT
(01:22 / All) TheMasonDixon: CLAN STH
(01:25 / All) TheMasonDixon: CLAN STH
(01:25 / All) Katoni: dont kill me bro
(02:02 / All) TheMasonDixon: Nigga
(02:10 / All) Katoni: only blacks and ud players backstab
(02:10 / All) TheMasonDixon: Nigga Boom BOO nigga BOOM BOOOOOM!
(02:46 / All) TheMasonDixon: My sister is so fucking stupid
(02:55 / All) TheMasonDixon: she calls Mother's cell
(03:05 / All) TheMasonDixon: and then
(03:06 / All) TheMasonDixon: like
(03:17 / All) TheMasonDixon: calls the house phone
(03:19 / All) TheMasonDixon: -.
(03:35 / All) TheMasonDixon: "mom helooooooo? hello someone pic up the phone! mom, dad someooooone"
(03:37 / All) TheMasonDixon: LOL
(03:44 / All) Katoni: wtf yellow
(03:48 / All) Katoni: this is a weird ass game
(03:50 / All) TheMasonDixon: lol yellow
(03:54 / All) MESSAR9UND.: IT IS LAWL
(03:58 / All) TheMasonDixon: not herte
(03:59 / All) TheMasonDixon: it's OJ
(04:00 / All) TheMasonDixon: LOL
(04:18 / All) TheMasonDixon: ROFL
(04:20 / All) TheMasonDixon: and then
(04:27 / All) TheMasonDixon: she call's my mo's cell phone AGAIN
(04:28 / All) TheMasonDixon: LOL
(04:47 / All) MESSAR9UND.: STRANGE SISTER INDEED
(04:53 / All) TheMasonDixon: she's fat
(05:22 / All) TheMasonDixon: Kill my men for exp.
(05:50 / All) TheMasonDixon: oops
(05:51 / All) TheMasonDixon: soz Pink
(05:59 / All) TheMasonDixon: That's my ally
(06:03 / All) TheMasonDixon: Using him
(06:03 / All) TheMasonDixon: =/
(06:12 / All) Katoni: feed them to oj
(06:15 / All) Katoni: fool
(06:18 / All) TheMasonDixon: ^_^
(06:25 / All) TheMasonDixon: I need to kill Red's base
(06:26 / All) TheMasonDixon: Nigger

(07:34 / Allies) TheMasonDixon: Y rofl
(07:38 / Allies) TheMasonDixon: y u gotta do that
(07:39 / Allies) TheMasonDixon: :(
(07:46 / Allies) TheMasonDixon: meh
(07:50 / Allies) TheMasonDixon: saves me the trouble.
(07:59 / Allies) TheMasonDixon: get aa btw
(08:05 / Allies) TheMasonDixon: HH'ers..
(08:07 / Allies) TheMasonDixon: wwers
(08:13 / All) MESSAR9UND.: pink still wants the win
(08:15 / Allies) TheMasonDixon: wind ridrs
(08:17 / All) TheMasonDixon: LOL
(08:20 / All) Katoni: lmao
(08:26 / All) TheMasonDixon: It's ust Blue
(08:27 / All) TheMasonDixon: LOL
(08:36 / All) TheMasonDixon: Victory is possible for both parties.
(09:04 / Allies) Katoni: lumber please
(09:10 / Allies) TheMasonDixon: kk
(09:16 / Allies) Katoni: ty
(09:21 / Allies) Katoni: getting bats
(09:21 / Allies) TheMasonDixon: Yessir
(09:25 / Allies) TheMasonDixon: =D
(10:07 / Allies) TheMasonDixon: Blue
(10:10 / Allies) Katoni: ?
(10:13 / Allies) TheMasonDixon: do you ever talk
(10:15 / Allies) TheMasonDixon: to ur
(10:15 / Allies) Katoni: yes
(10:20 / Allies) TheMasonDixon: maternal grandmother?
(10:21 / Allies) Katoni: I know oj btw
(10:28 / Allies) Katoni: we bs regularly
(10:28 / Allies) TheMasonDixon: lulz
(10:33 / Allies) TheMasonDixon: In channel 56?
(10:37 / Allies) Katoni: no
(10:44 / Allies) TheMasonDixon: People TK
(10:48 / Allies) TheMasonDixon: they meet in channel 56
(10:54 / Allies) Katoni: neat
(10:57 / Allies) Katoni: thanks
(11:02 / Allies) TheMasonDixon: yessir
(11:06 / Allies) TheMasonDixon: They call me the Fan..
(11:09 / Allies) TheMasonDixon: Makes no sense
(11:17 / Allies) TheMasonDixon: Been TKing for 3-4 years straight..
(11:24 / Allies) Katoni: I have been since '03 or so
(11:30 / Allies) TheMasonDixon: ROFL
(11:33 / Allies) TheMasonDixon: Teamkilling??
(11:35 / Allies) Katoni: well, not tking
(11:38 / Allies) Katoni: I started playing back then
(11:49 / Allies) TheMasonDixon: I started playing in '05 or '04
(11:58 / Allies) TheMasonDixon: Tk'ing in I guess '08
(12:08 / Allies) Katoni: ah
(12:32 / All) TheMasonDixon: Guys
(12:36 / All) TheMasonDixon: I hate abortion -.-
(12:40 / All) TheMasonDixon: That's a fucking life
(12:43 / All) Katoni: why doesn't troll regeneration increase shadow hunter regeneration?
(12:44 / All) TheMasonDixon: and when you cancel it
(12:51 / All) TheMasonDixon: You might as well be murdering so eone..
(12:58 / All) TheMasonDixon: LOL BLUE
(13:09 / All) MESSAR9UND.: he has a point
(13:13 / All) TheMasonDixon: =D
(13:18 / All) TheMasonDixon: Life for a Life
(13:25 / All) TheMasonDixon: I will fucking murder abortioners..
(13:47 / All) TheMasonDixon: I'm normallyt against murder
(13:51 / All) TheMasonDixon: Death penalty etc
(14:01 / All) TheMasonDixon: Because I think death is extremely merciful
(14:15 / All) TheMasonDixon: People who commit abortion deserve to be tortured
(14:21 / All) TheMasonDixon: until they lose their minds..
(14:25 / All) Katoni: What about abortion for rape victims?
(14:36 / All) TheMasonDixon: I was talking to my dad about that
(14:51 / All) TheMasonDixon: I think abortion isn't the answer
(14:55 / All) TheMasonDixon: give birth to it
(14:59 / All) TheMasonDixon: and ask it one day
(15:05 / All) TheMasonDixon: "hey wanna be aborted?"
(15:19 / All) TheMasonDixon: dunno man
(15:32 / All) TheMasonDixon: imagine if you were hooked up to an EKG machine
(15:35 / All) TheMasonDixon: and all that shit
(15:52 / All) TheMasonDixon: you could hear but you couldn't show any signs of consciousness
(15:55 / All) TheMasonDixon: how would you feel
(16:02 / All) Katoni: babies aren't self-aware
(16:05 / All) TheMasonDixon: if the doctor said you would kill you
(16:07 / All) Katoni: kill them early if you kill them at all
(16:07 / All) TheMasonDixon: -.-
(16:12 / All) TheMasonDixon: Uh huh
(16:15 / All) TheMasonDixon: Can I finish?
(16:20 / All) Katoni: no
(16:22 / All) TheMasonDixon: :(
(16:25 / All) Katoni: I would rather die than live in a rape family
(16:33 / All) TheMasonDixon: Dude
(16:38 / All) TheMasonDixon: Adoption -.-
(16:49 / All) TheMasonDixon: Murder isn't the right way to go.
(16:53 / All) Katoni: Or I could just be in nothingness.
(16:57 / All) Katoni: Death isn't so bad.
(16:58 / All) TheMasonDixon: ^^
(17:17 / All) TheMasonDixon: God what the FUCK
(17:26 / All) TheMasonDixon: There's a Paranormal Activity THREE?
(17:30 / All) TheMasonDixon: What the FUCK
(17:34 / Allies) TheMasonDixon: Fucking bullshit
(17:41 / All) TheMasonDixon: as if the first 2 didn't suck bad enough?
(18:07 / All) TheMasonDixon: Is Pink anrgy?
(18:08 / All) TheMasonDixon: LOL
(18:09 / All) TheMasonDixon: HE IS
(18:11 / All) TheMasonDixon: ROFL
(18:16 / All) TheMasonDixon: HE'S RAGING OUT OF HIS MIND
(18:24 / Allies) TheMasonDixon: use basts
(18:24 / All) Katoni: why the fuck did you tell me to get bats oj?
(18:27 / All) Katoni: they suck
(18:33 / All) TheMasonDixon: Dude
(18:37 / All) TheMasonDixon: Use kamakaze
(18:40 / All) TheMasonDixon: On other air units
(18:45 / All) TheMasonDixon: His wyrms
(18:49 / All) Katoni: unstable concoction?
(18:53 / All) Katoni: you mean?
(18:54 / All) TheMasonDixon: Yessir
(18:56 / All) TheMasonDixon: 600 damage
(19:04 / All) TheMasonDixon: =D
(19:07 / All) Katoni: I was trying to, but idk the hotkey since I play hu
(19:07 / All) TheMasonDixon: uSE A HUNDRED

(20:14 / All) TheMasonDixon: i'MA CLICK ON YOU BLUE
(20:21 / All) Katoni: oh shit
(20:22 / All) TheMasonDixon: CLICK CLIKC CLICK
(20:23 / All) TheMasonDixon: LOLOLOLO
(20:27 / All) TheMasonDixon: I CLICKED ON U
(20:28 / All) TheMasonDixon: UR BM
(20:29 / All) TheMasonDixon: LOLOLOL
(20:37 / All) TheMasonDixon: CLICKY CLICKY
(20:37 / All) Katoni: faggot dickasshole
(20:41 / All) Katoni: dont click on me
(20:43 / All) Katoni: motherfucker
(20:51 / All) TheMasonDixon: TOO LATE
(20:54 / All) TheMasonDixon: BEEN CLICKIFIED
(20:56 / All) TheMasonDixon: LOL OJ
(20:58 / All) TheMasonDixon: WHAT R U DOING?
(21:01 / All) MESSAR9UND.: thats all pink has
(21:05 / All) TheMasonDixon: looool
(21:24 / All) Katoni: maphacker?
(21:31 / All) TheMasonDixon: Yup
(22:03 / All) TheMasonDixon: you guys
(22:07 / All) TheMasonDixon: know Dick Wolf?
(22:07 / All) MESSAR9UND.: yes
(22:13 / All) TheMasonDixon: Creator of Law And Order
(22:14 / All) MESSAR9UND.: moby dick
(22:17 / All) TheMasonDixon: what kind of fucking name
(22:18 / All) Katoni: dick wolf
(22:24 / All) TheMasonDixon: is Wolf Dick
(22:25 / All) TheMasonDixon: lol
(22:32 / All) Katoni: she's a furfag
(22:33 / All) TheMasonDixon: Wold, Dick?
(22:33 / All) Katoni: obv
(22:35 / All) TheMasonDixon: Here!
(22:37 / All) TheMasonDixon: LOL
(22:55 / All) TheMasonDixon: I've heard of Ia Hogg
(22:58 / All) TheMasonDixon: I'ma*
(23:04 / All) TheMasonDixon: Ima **
(23:14 / Allies) TheMasonDixon: Level up
(23:19 / Allies) TheMasonDixon: I just clicked on u
(23:20 / Allies) TheMasonDixon: >:)
(23:27 / All) MESSAR9UND.: green i like nakid men
(23:32 / All) TheMasonDixon: LOLOL
(23:34 / All) TheMasonDixon: U DO?
(23:40 / All) MESSAR9UND.: very much so
(23:44 / All) TheMasonDixon: I make videos of myself in Mother's clothing :)
(23:55 / All) TheMasonDixon: I take off her clothing
(23:58 / All) TheMasonDixon: slowly
(23:59 / All) Katoni: pink really wants the win
(24:02 / All) TheMasonDixon: My ass facing the camera
(24:04 / All) TheMasonDixon: LOL
(24:05 / Allies) TheMasonDixon: yEAH
(24:11 / All) TheMasonDixon: Dude what is ADHD?
(24:12 / All) TheMasonDixon: I mean
(24:14 / All) TheMasonDixon: Is it like
(24:18 / All) TheMasonDixon: are you a retard or something?
(24:20 / All) Katoni: attention deficit disorder
(24:27 / All) TheMasonDixon: ... I know, Blue..
(24:29 / All) TheMasonDixon: I mean
(24:34 / All) TheMasonDixon: is it neurological?
(24:34 / All) Katoni: wtf I didn't expo when nobody is on my team
(24:38 / Allies) Katoni: gold please
(24:40 / All) Katoni: I suck at orc
(24:43 / All) MESSAR9UND.: i have no idea why pink is still here lawl
(24:47 / All) TheMasonDixon: Can it be beneficial like rare forms of Autism
(24:49 / All) TheMasonDixon: LOL YEAH OJ
(24:50 / All) TheMasonDixon: LOLOL
(24:54 / Allies) Katoni: gold dammit
(24:57 / Allies) Katoni: 80 works
(25:01 / Allies) TheMasonDixon: Chillax
(25:01 / Allies) Katoni: thanks
(25:04 / Allies) TheMasonDixon: =D
(25:06 / All) MESSAR9UND.: his dk is about to get raped
(25:12 / All) Katoni: dks like it rough
(25:17 / All) TheMasonDixon: =D
(25:24 / All) TheMasonDixon: They like getting colonoscopy
(25:28 / All) TheMasonDixon: with BM's sword =D
(25:57 / All) MESSAR9UND.: kill my shit nigga
(25:59 / All) MESSAR9UND.: my base
(26:01 / All) MESSAR9UND.: not by urs
(26:04 / All) Katoni: pink is dead?
(26:12 / All) Katoni: don't attack god damn
(26:16 / All) MESSAR9UND.: go to my base
(26:20 / All) Katoni: k
(26:24 / All) Katoni: you better not have towers
(26:29 / All) Katoni: wtf
(26:32 / All) Katoni: stop killingm y shit
(26:35 / All) Katoni: if you want me to kill you
(26:36 / All) Katoni: retard
(26:58 / All) Katoni: just leave, since pink ragequitted
(27:12 / All) Katoni: and how the fuck do you want me to kill you with 2 heros since you killed all my wyverns?
(27:28 / All) MESSAR9UND.: not now
(27:30 / All) MESSAR9UND.: lets fuck around
(27:35 / All) MESSAR9UND.: green what u got
(27:39 / All) Katoni: he has nothing
(27:53 / All) MESSAR9UND.: red or other guy?
(27:56 / All) Katoni: green
(28:38 / All) Katoni: wtf, I swore I purchased a lightning orb
(28:57 / All) Katoni: the towers can help you feed me
(29:04 / All) MESSAR9UND.: no moron
(29:11 / All) MESSAR9UND.: u dont get exp
(29:14 / All) MESSAR9UND.: from tower kills
(29:39 / All) MESSAR9UND.: kinda gay w/ only green he is a stabber too
(29:50 / All) MESSAR9UND.: green u like other video games?
(30:13 / All) Katoni: I guess he's afk
(30:24 / All) MESSAR9UND.: want to mass docs now w/ wards?
(30:27 / All) Katoni: sure

(31:34 / All) Katoni: don't fuck with jo jo headshrinker bitch
(31:43 / All) MESSAR9UND.: jo jo sucks
(31:55 / All) Katoni: jojo is god
(32:10 / All) MESSAR9UND.: move ur wyvern
(32:27 / All) Katoni: do witch doctors have no upgrades?
(32:31 / All) Katoni: can't find any on war mill
(32:34 / All) Katoni: for attack or defence
(32:42 / All) MESSAR9UND.: hope ur kidding
(32:48 / All) Katoni: ranged weapons - no
(32:54 / All) Katoni: melee weapons - no
(33:02 / All) Katoni: it's not listed in their descriptions
(33:17 / All) Katoni: noob
(33:31 / All) MESSAR9UND.: i suicided him want 100 food fo docs
(33:53 / All) Katoni: is someone coughing it up?

(35:16 / All) MESSAR9UND.: move i need fountain
(35:22 / All) Katoni: k
(35:58 / All) MESSAR9UND.: 3 groups of 12 docs
(36:07 / All) Katoni: just working on my 2nd
(36:20 / All) Katoni: tasdingooooooooooooo
(36:56 / All) TheMasonDixon: DUDE
(36:58 / All) TheMasonDixon: REALLY?
(36:58 / All) TheMasonDixon: LOL
(36:59 / All) Katoni: wtf
(37:00 / All) TheMasonDixon: STILL.?
(37:02 / All) Katoni: he lives?
(37:05 / All) TheMasonDixon: LOL
(37:06 / All) Katoni: john mays lives?
(37:10 / All) Katoni: it's mass witch doctor
(37:11 / Allies) Katoni: f
(37:12 / All) MESSAR9UND.: go to fountain
(37:12 / All) MESSAR9UND.: gogo
(37:14 / All) Katoni: for healing wards
(37:42 / All) MESSAR9UND.: dont think u can see
(37:50 / All) TheMasonDixon: Helllooooo
(37:50 / All) MESSAR9UND.: couple thousands wards
(37:53 / All) MESSAR9UND.: put healing wards on
(37:54 / All) MESSAR9UND.: now
(37:55 / All) TheMasonDixon: How about a fucking hello
(37:58 / All) TheMasonDixon: I came back
(38:05 / All) TheMasonDixon: I expect a fucking porper welcome back
(38:09 / All) TheMasonDixon: PROPAH
(38:12 / All) TheMasonDixon: PROPELLAH
(38:19 / All) TheMasonDixon: BRB
(38:30 / All) Katoni: you seek me help?
(39:20 / Allies) TheMasonDixon: tavern hero
(39:27 / Allies) TheMasonDixon: LOLOLOLOLOLOL
(39:30 / Allies) TheMasonDixon: FUCKING KIDING ME
(39:32 / All) TheMasonDixon: DUDE
(39:34 / All) Katoni: mass healing wards
(39:34 / All) TheMasonDixon: CHECK OUT
(39:36 / All) TheMasonDixon: FUCKING MIDDLE
(39:37 / All) Katoni: green
(39:37 / All) TheMasonDixon: ROFL
(39:39 / All) Katoni: it's fucking pro
(39:40 / All) Katoni: nooblet
(39:49 / All) TheMasonDixon: LOLOLOLOLOLOLOL
(39:53 / All) MESSAR9UND.: this was our plan from start
(39:53 / All) TheMasonDixon: WOW
(39:56 / All) TheMasonDixon: UN FUCKING LOL
(39:59 / Allies) TheMasonDixon: ATTACK ONE OF UR UNITS
(40:04 / All) Katoni: it's fucking korean douchebag
(40:09 / Allies) TheMasonDixon: GET ALL UR MEN TO ATTAC ONE OF UR MEN
(40:10 / All) MESSAR9UND.: spam statis traps
(40:13 / Allies) TheMasonDixon: LOLOLOLOL
(40:13 / All) MESSAR9UND.: its better looking
(40:27 / All) TheMasonDixon: LOOOOOOOOOOOOOOOOL
(40:32 / All) TheMasonDixon: This is rofl
(40:32 / All) TheMasonDixon: =D
(41:04 / All) MESSAR9UND.: put wards so u can see my traps
(41:05 / All) TheMasonDixon: OJ
(41:06 / All) TheMasonDixon: LLOLOLOL
(41:11 / All) TheMasonDixon: LOOOOOOOOL
(41:28 / All) TheMasonDixon: LOOOOOOOL
(41:39 / All) Katoni: tasdingooooooooooo
(41:43 / All) Katoni: how may i serve
(41:50 / All) Katoni: dat be good choice mon
(41:51 / All) TheMasonDixon: LOOOOOOOL
(41:53 / All) TheMasonDixon: CLICK HIM
(41:56 / All) TheMasonDixon: LOOOOOOL
(41:58 / Allies) TheMasonDixon: CLICK HIM
(42:01 / All) TheMasonDixon: OVAH AND OVAH AGAIN
(42:19 / All) MESSAR9UND.: put them on "M"
(42:23 / All) TheMasonDixon: M?
(42:27 / All) TheMasonDixon: what is M?
(42:27 / All) Katoni: k
(42:29 / All) TheMasonDixon: LOLOL
(42:29 / All) MESSAR9UND.: move
(42:30 / All) TheMasonDixon: DUDE
(42:30 / All) Katoni: did it on fountain
(42:33 / All) TheMasonDixon: SPELL A CURSE WORD
(42:35 / Allies) TheMasonDixon: WITH WARDS
(42:46 / All) TheMasonDixon: NIGGER
(42:48 / All) TheMasonDixon: SPELL NIGGER
(42:50 / All) TheMasonDixon: ;P;P;
(42:51 / All) TheMasonDixon: LOLOL
(43:19 / All) TheMasonDixon: LOOOL
(43:20 / All) TheMasonDixon: DUDE
(43:23 / All) TheMasonDixon: WHAT IS PINK DOING?
(43:28 / All) TheMasonDixon: OH LOL
(43:29 / All) TheMasonDixon: HE LEFT
(43:30 / All) MESSAR9UND.: he died lawl
(43:32 / All) MESSAR9UND.: by my hands
(43:36 / All) TheMasonDixon: LOOOOL
(43:38 / All) TheMasonDixon: WAS HE MAD?
(43:48 / All) MESSAR9UND.: not a word
(43:50 / All) MESSAR9UND.: from him
(44:16 / All) TheMasonDixon: GUYS
(44:22 / All) TheMasonDixon: ALL HEAD TO MIDDLE
(44:24 / All) MESSAR9UND.: yes
(44:25 / All) TheMasonDixon: AND STRIKE
(44:37 / All) MESSAR9UND.: fight to death?
(44:40 / All) TheMasonDixon: STRIKE DEFIANTLY
(44:46 / All) TheMasonDixon: NO
(44:47 / All) Katoni: fight for the best doctor
(44:48 / All) TheMasonDixon: TO DEATH
(44:51 / All) TheMasonDixon: AND BEYOND
(45:09 / All) TheMasonDixon: LOOOL
(45:13 / All) TheMasonDixon: YO BLUE
(45:17 / All) Katoni: wot
(45:19 / All) TheMasonDixon: DO YOU EVER WISH YOU HADN'T BEEN BORN?
(45:22 / All) Katoni: no
(45:26 / All) TheMasonDixon: :(
(45:30 / All) TheMasonDixon: Do you love ur mather?
(45:32 / All) TheMasonDixon: Mother?
(45:40 / All) Katoni: do you love staying in wc3 games doing nothing?
(45:45 / All) TheMasonDixon: yes
(45:46 / All) TheMasonDixon: :)
(45:49 / All) TheMasonDixon: Kinda like u
(45:59 / All) Katoni: I have witch doctors brosephehim
(46:06 / All) Katoni: dunno what you're talking aboot
(46:11 / All) TheMasonDixon: :(
(46:17 / All) TheMasonDixon: ty for saying you're
(46:18 / All) TheMasonDixon: :(
(46:20 / All) TheMasonDixon: CLAN STH
(46:22 / All) TheMasonDixon: CLAN STH
(46:36 / All) MESSAR9UND.: ok done? one last fight
(46:39 / All) Katoni: k

(48:08 / All) Katoni: wtf
(48:12 / All) Katoni: how did your doctors win
(48:13 / All) Katoni: gtfo
(48:16 / All) MESSAR9UND.: whosw winning

(49:38 / All) MESSAR9UND.: raped
(49:45 / All) MESSAR9UND.: i leave k?
(49:48 / All) Katoni: wait

(51:44 / All) Katoni: owned
(51:56 / All) Katoni: 2 heroes
(52:00 / All) MESSAR9UND.: i shall leave
(52:02 / All) Katoni: kk